NYP
VERMONT LAKE MONSTERS @ TRI-CITY VALLEYCATS
09/10/2045
 
TOP OF THE 1ST
Vermont Lake Monsters batting - Pitching for Tri-City ValleyCats : LHP Andy Ras
Pitching: LHP Andy Ras
Batting: RHB Carlos Martinez 0-0: Called Strike
0-1: Ball
1-1: Foul Ball, location: 2F
1-2: Ball
2-2: Ground out 5-3 (Groundball, 56, EV 86.2 MPH)
Batting: LHB Larry Prey 0-0: Ball
1-0: Called Strike
1-1: Swinging Strike
1-2: Ball
2-2: Ball
3-2: Base on Balls
Batting: RHB Ricardo Mariscal 0-0: Ball
1-0: Foul Ball, location: 2F
1-1: SINGLE (Groundball, 56S, EV 75.6 MPH) (infield hit)
Larry Prey to second
Batting: RHB Casey Nicita 0-0: Ball
1-0: Called Strike
Larry Prey steals 3rd base
1-1: Ball
2-1: Foul Ball, location: 2F
2-2: Grounds into double play, 5-4-3 (Groundball, 5S, EV 86.9 MPH)
Top of the 1st over - 0 runs, 1 hit, 0 errors, 1 left on base; Vermont 0 - Tri-City 0
BOTTOM OF THE 1ST
Tri-City ValleyCats batting - Pitching for Vermont Lake Monsters : RHP Danny Levinger
Pitching: RHP Danny Levinger
Batting: RHB Masaru Konno 0-0: Ball
1-0: Ball
2-0: Ball
3-0: Called Strike
3-1: Foul Ball, location: 2F
3-2: Foul Ball, location: 2F
3-2: Foul Ball, location: 2F
3-2: Strikes out swinging
Batting: RHB Sam Spohn 0-0: Ball
1-0: Called Strike
1-1: Swinging Strike
1-2: Strikes out looking
Batting: LHB Bob Dietz 0-0: Ball
1-0: Ball
2-0: Ball
3-0: Called Strike
3-1: Ground out 6-3 (Groundball, 6, EV 85.6 MPH)
Bottom of the 1st over - 0 runs, 0 hits, 0 errors, 0 left on base; Vermont 0 - Tri-City 0
TOP OF THE 2ND
Vermont Lake Monsters batting - Pitching for Tri-City ValleyCats : LHP Andy Ras
Batting: RHB Jose Marquez 0-0: Called Strike
0-1: Ball
1-1: Foul Ball, location: 2F
1-2: Ball
2-2: Ball
3-2: Foul Ball, location: 2F
3-2: Base on Balls
Batting: SHB Mike Jorgenson 0-0: Called Strike
0-1: Ball
Wild Pitch!
Jose Marquez to second
1-1: Foul Ball, location: 2F
1-2: Foul Ball, location: 2F
1-2: Ground out 6-3 (Groundball, 6, EV 105.0 MPH)
Batting: RHB Chris Montgomery 0-0: Ball
1-0: Called Strike
1-1: 2-RUN HOME RUN (Flyball, 89XD, EV 96.2 MPH), Distance : 385 ft
Batting: RHB Hidetada Iba 0-0: Swinging Strike
0-1: Called Strike
0-2: Foul Ball, location: 2F
0-2: Ball
1-2: Ball
2-2: Foul Ball, location: 2F
2-2: Ball
3-2: Base on Balls
Batting: RHB Antonio Bautista 0-0: Called Strike
0-1: Ball
1-1: Fly out, F8 (Flyball, 8RD, EV 99.4 MPH)
Batting: RHB Carlos Martinez 0-0: SINGLE (Line Drive, 78S, EV 105.0 MPH)
Hidetada Iba to second
Batting: LHB Larry Prey 0-0: SINGLE (Groundball, 34D, EV 95.0 MPH)
Hidetada Iba to third
Carlos Martinez to second
Runner from 3rd tries for Home, SAFE, throw by RF to home
Batting: RHB Ricardo Mariscal 0-0: Fly out, F7 (Flyball, 78S, EV 90.0 MPH)
Top of the 2nd over - 3 runs, 3 hits, 0 errors, 2 left on base; Vermont 3 - Tri-City 0
BOTTOM OF THE 2ND
Tri-City ValleyCats batting - Pitching for Vermont Lake Monsters : RHP Danny Levinger
Batting: LHB Josh Birkner 0-0: Called Strike
0-1: Called Strike
0-2: Ball
1-2: Foul Ball, location: 2F
1-2: Strikes out swinging
Batting: RHB Chris McGrath 0-0: Foul Ball, location: 2F
0-1: Ball
1-1: Fly out, F4 (Popup, 4S, EV 81.9 MPH)
Batting: RHB Ryan Salas 0-0: Ball
1-0: Foul Ball, location: 2F
1-1: Ball
2-1: Foul Ball, location: 2F
2-2: Foul Ball, location: 2F
2-2: Strikes out swinging
Bottom of the 2nd over - 0 runs, 0 hits, 0 errors, 0 left on base; Vermont 3 - Tri-City 0
TOP OF THE 3RD
Vermont Lake Monsters batting - Pitching for Tri-City ValleyCats : LHP Andy Ras
Batting: RHB Casey Nicita 0-0: Called Strike
0-1: Ball
1-1: Ball
2-1: Ball
3-1: SINGLE (Groundball, 56D, EV 98.8 MPH)
Batting: RHB Jose Marquez 0-0: Foul Ball, location: 2F
0-1: Swinging Strike
0-2: Ball
1-2: Foul Ball, location: 2F
1-2: Foul Ball, location: 2F
1-2: Grounds into double play, 5-4-3 (Groundball, 56, EV 84.4 MPH)
Batting: SHB Mike Jorgenson 0-0: Swinging Strike
0-1: Called Strike
0-2: Ball
1-2: Foul Ball, location: 2F
1-2: Foul Ball, location: 2F
1-2: Ball
2-2: Ground out 6-3 (Groundball, 6S, EV 84.4 MPH)
Top of the 3rd over - 0 runs, 1 hit, 0 errors, 0 left on base; Vermont 3 - Tri-City 0
BOTTOM OF THE 3RD
Tri-City ValleyCats batting - Pitching for Vermont Lake Monsters : RHP Danny Levinger
Batting: LHB Lou Toth 0-0: SINGLE (Popup, 6MS, EV 81.2 MPH)
Batting: RHB Workneh Lagat 0-0: Called Strike
0-1: Ball
1-1: TRIPLE (Line Drive, 8LXD, EV 100.6 MPH)
Lou Toth scores
Batting: LHB Josiah Leath 0-0: Called Strike
0-1: Ball
1-1: Ground out 4-3 (Groundball, 34, EV 85.0 MPH)
Workneh Lagat scores
Batting: RHB Masaru Konno 0-0: Ball
1-0: Foul Ball, location: 2F
1-1: Called Strike
1-2: Ball
2-2: Foul Ball, location: 2F
2-2: Ball
3-2: Ground out 6-3 (Groundball, 6S, EV 75.6 MPH)
Batting: RHB Sam Spohn 0-0: Ball
1-0: Ball
2-0: Ball
3-0: Called Strike
3-1: Foul Ball, location: 2F
3-2: Strikes out swinging
Bottom of the 3rd over - 2 runs, 2 hits, 0 errors, 0 left on base; Vermont 3 - Tri-City 2
TOP OF THE 4TH
Vermont Lake Monsters batting - Pitching for Tri-City ValleyCats : LHP Andy Ras
Batting: RHB Chris Montgomery 0-0: Ball
1-0: Ball
2-0: Foul Ball, location: 2F
2-1: Swinging Strike
2-2: Ball
3-2: Base on Balls
Batting: RHB Hidetada Iba 0-0: Ball
1-0: Foul Ball, location: 2F
1-1: Foul Ball, location: 2F
1-2: Ball
2-2: Foul Ball, location: 2F
2-2: SINGLE (Line Drive, 6MD, EV 110.6 MPH)
Chris Montgomery to second
Batting: RHB Antonio Bautista 0-0: Called Strike
0-1: Called Strike
0-2: Ball
1-2: Strikes out swinging
Batting: RHB Carlos Martinez 0-0: Called Strike
0-1: Ball
1-1: Fielders Choice at 2nd, 4-6 (Groundball, 4, EV 85.0 MPH)
Chris Montgomery to third
Batting: LHB Larry Prey 0-0: Ball
1-0: Swinging Strike
1-1: SINGLE (Groundball, 5S, EV 75.0 MPH) (infield hit)
Chris Montgomery scores
Carlos Martinez to second
Batting: RHB Ricardo Mariscal 0-0: Foul Ball, location: 2F
0-1: Called Strike
0-2: Ground out U3 (Groundball, 34, EV 90.0 MPH)
Top of the 4th over - 1 run, 2 hits, 0 errors, 2 left on base; Vermont 4 - Tri-City 2
BOTTOM OF THE 4TH
Tri-City ValleyCats batting - Pitching for Vermont Lake Monsters : RHP Danny Levinger
Batting: LHB Bob Dietz 0-0: Ball
1-0: Called Strike
1-1: Swinging Strike
1-2: SINGLE (Groundball, 56D, EV 95.6 MPH)
Batting: LHB Josh Birkner 0-0: Called Strike
0-1: Swinging Strike
0-2: Ball
1-2: Ball
2-2: DOUBLE (Flyball, 78D, EV 106.9 MPH)
Bob Dietz to third
Batting: RHB Chris McGrath 0-0: Ball
1-0: Called Strike
1-1: Called Strike
1-2: Strikes out swinging
Batting: RHB Ryan Salas 0-0: Called Strike
0-1: Ball
1-1: SINGLE (Line Drive, 7S, EV 100.6 MPH)
Bob Dietz scores
Josh Birkner to third
Batting: LHB Lou Toth 0-0: Called Strike
0-1: Ball
1-1: Foul Ball, location: 2F
1-2: Ball
2-2: Ground out 4-3 (Groundball, 4S, EV 61.9 MPH)
Josh Birkner scores
Ryan Salas to second
Batting: RHB Workneh Lagat 0-0: Ball
1-0: SINGLE (Line Drive, 78S, EV 106.2 MPH)
Ryan Salas to third
Runner from 3rd tries for Home, SAFE, throw by LF to home
Pitching: RHP Eddie Carrasco
Batting: LHB Josiah Leath 0-0: Called Strike
0-1: Foul Ball, location: 2F
0-2: Ball
1-2: Strikes out swinging
Bottom of the 4th over - 3 runs, 4 hits, 0 errors, 1 left on base; Vermont 4 - Tri-City 5
TOP OF THE 5TH
Vermont Lake Monsters batting - Pitching for Tri-City ValleyCats : LHP Andy Ras
Batting: RHB Casey Nicita 0-0: Ball
1-0: Ball
2-0: Called Strike
2-1: Ball
3-1: Foul Ball, location: 2F
3-2: Foul Ball, location: 2F
3-2: Foul Ball, location: 2F
3-2: Hit by Pitch
Batting: RHB Jose Marquez Pickoff Throw to First - Out! 1-3
0-0: Hit by Pitch
Batting: SHB Mike Jorgenson 0-0: Ball
1-0: Foul Ball, location: 2F
1-1: Foul Ball, location: 2F
1-2: Fly out, F3 (Popup, 3F, EV 71.9 MPH)
Batting: RHB Chris Montgomery 0-0: Ball
1-0: Swinging Strike
1-1: Swinging Strike
Passed Ball!
Jose Marquez to second
1-2: Strikes out swinging
Top of the 5th over - 0 runs, 0 hits, 0 errors, 1 left on base; Vermont 4 - Tri-City 5
BOTTOM OF THE 5TH
Tri-City ValleyCats batting - Pitching for Vermont Lake Monsters : RHP Eddie Carrasco
Batting: RHB Masaru Konno 0-0: Ball
1-0: Foul Ball, location: 2F
1-1: Fly out, F8 (Flyball, 89M, EV 76.9 MPH)
Batting: RHB Sam Spohn 0-0: Ball
1-0: Ball
2-0: Called Strike
2-1: Called Strike
2-2: Ball
3-2: Strikes out looking
Batting: LHB Bob Dietz 0-0: Fly out, F8 (Flyball, 8LXD, EV 95.6 MPH)
Bottom of the 5th over - 0 runs, 0 hits, 0 errors, 0 left on base; Vermont 4 - Tri-City 5
TOP OF THE 6TH
Vermont Lake Monsters batting - Pitching for Tri-City ValleyCats : LHP Andy Ras
Pitching: LHP Chris Apa
Batting: RHB Hidetada Iba 0-0: Called Strike
0-1: Ball
1-1: Ball
2-1: Ground out U3 (Groundball, 34, EV 102.5 MPH)
Batting: RHB Antonio Bautista 0-0: Swinging Strike
0-1: Ball
1-1: Ball
2-1: Ball
3-1: Foul Ball, location: 2F
3-2: Foul Ball, location: 2F
3-2: Ground out 1-3 (Groundball, 15S, EV 68.1 MPH)
Batting: RHB Carlos Martinez 0-0: Called Strike
0-1: Ground out 6-3 (Groundball, P, EV 83.8 MPH)
Top of the 6th over - 0 runs, 0 hits, 0 errors, 0 left on base; Vermont 4 - Tri-City 5
BOTTOM OF THE 6TH
Tri-City ValleyCats batting - Pitching for Vermont Lake Monsters : RHP Eddie Carrasco
Batting: LHB Josh Birkner 0-0: Called Strike
0-1: Ball
1-1: Swinging Strike
1-2: Ball
2-2: Foul Ball, location: 2F
2-2: Ball
3-2: Base on Balls
Batting: RHB Chris McGrath 0-0: Ball
1-0: Ball
Wild Pitch!
Josh Birkner to second
2-0: Ball
3-0: Base on Balls
Batting: RHB Ryan Salas 0-0: Ball
1-0: Swinging Strike
1-1: Fielders Choice at 2nd, 1-6 (Groundball, 13S, EV 69.4 MPH)
Josh Birkner to third
Batting: LHB Lou Toth 0-0: Ball
1-0: Fly out, F8 (Flyball, 8RXD, EV 91.9 MPH)
Runner from 3rd tags up, SCORES, no throw by CF
Batting: RHB Workneh Lagat 0-0: Swinging Strike
0-1: Ball
1-1: Ball
2-1: Foul Ball, location: 2F
2-2: Ball
3-2: Strikes out swinging
Bottom of the 6th over - 1 run, 0 hits, 0 errors, 1 left on base; Vermont 4 - Tri-City 6
TOP OF THE 7TH
Vermont Lake Monsters batting - Pitching for Tri-City ValleyCats : LHP Chris Apa
Pitching: RHP Josh Smith
Batting: LHB Larry Prey 0-0: Fly out, F6 (Popup, 6M, EV 53.8 MPH)
Batting: RHB Ricardo Mariscal 0-0: Foul Ball, location: 2F
0-1: Foul Ball, location: 2F
0-2: Strikes out swinging
Batting: RHB Casey Nicita 0-0: SINGLE (Groundball, 6MD, EV 99.4 MPH)
Batting: RHB Jose Marquez 0-0: Called Strike
0-1: DOUBLE (Line Drive, 3D, EV 99.4 MPH)
Casey Nicita to third
Batting: SHB Mike Jorgenson 0-0: Called Strike
0-1: Ball
1-1: Ground out 1-3 (Groundball, 15S, EV 65.0 MPH)
Top of the 7th over - 0 runs, 2 hits, 0 errors, 2 left on base; Vermont 4 - Tri-City 6
BOTTOM OF THE 7TH
Tri-City ValleyCats batting - Pitching for Vermont Lake Monsters : RHP Eddie Carrasco
Batting: LHB Josiah Leath 0-0: Ball
1-0: Foul Ball, location: 2F
1-1: Called Strike
1-2: Ball
2-2: Ball
3-2: Foul Ball, location: 2LF, Error on foul ball, E2
3-2: SINGLE (Groundball, 34S, EV 90.6 MPH) (infield hit)
Batting: RHB Masaru Konno 0-0: Ball
1-0: Foul Ball, location: 2F
1-1: Called Strike
1-2: Strikes out swinging
Batting: RHB Sam Spohn 0-0: Called Strike
0-1: Ball
1-1: Foul Ball, location: 2F
1-2: Ball
2-2: Strikes out swinging
Batting: LHB Bob Dietz 0-0: Called Strike
0-1: Ball
1-1: Foul Ball, location: 2F
1-2: Strikes out swinging
Bottom of the 7th over - 0 runs, 1 hit, 1 error, 1 left on base; Vermont 4 - Tri-City 6
TOP OF THE 8TH
Vermont Lake Monsters batting - Pitching for Tri-City ValleyCats : RHP Josh Smith
Pitching: RHP David Sawyer
Batting: RHB Chris Montgomery 0-0: Reached on error, E2 (Groundball, 2R, EV 73.8 MPH)
Pinch Hitting: LHB Billy Schultz 0-0: Ball
1-0: Ball
2-0: Called Strike
2-1: Fly out, F7 (Flyball, 7LM, EV 97.5 MPH)
Batting: RHB Antonio Bautista 0-0: Foul Ball, location: 2F
0-1: SINGLE (Line Drive, 89S, EV 91.9 MPH)
Chris Montgomery to second
Runner from 2nd tries for 3rd, SAFE, no throw by RF
Batting: RHB Carlos Martinez 0-0: Ball
1-0: Called Strike
1-1: Foul Ball, location: 2F
1-2: SINGLE (Flyball, 34D, EV 90.0 MPH)
Chris Montgomery scores
Antonio Bautista to second
Pitching: RHP Manny Valero
Batting: LHB Larry Prey 0-0: Ball
1-0: Called Strike
1-1: Fly out, F9 (Flyball, 9S, EV 91.2 MPH)
Batting: RHB Ricardo Mariscal 0-0: Ball
1-0: Fly out, F3 (Flyball, 3D, EV 91.9 MPH)
Top of the 8th over - 1 run, 2 hits, 1 error, 2 left on base; Vermont 5 - Tri-City 6
BOTTOM OF THE 8TH
Tri-City ValleyCats batting - Pitching for Vermont Lake Monsters : RHP Eddie Carrasco
Pitching: LHP Craig Poor
Now at 2B: Fathi Addae
Batting: RHB Gavin Jones 0-0: Ball
1-0: Foul Ball, location: 2F
1-1: Fly out, F3 (Flyball, 3D, EV 80.6 MPH)
Pitching: LHP David Noffsinger
Batting: RHB Chris McGrath 0-0: Ball
1-0: Called Strike
1-1: Ball
2-1: Fly out, F9 (Flyball, 9D, EV 105.0 MPH)
Batting: RHB Ryan Salas 0-0: Ball
1-0: Foul Ball, location: 2F
1-1: Called Strike
1-2: Strikes out swinging
Bottom of the 8th over - 0 runs, 0 hits, 0 errors, 0 left on base; Vermont 5 - Tri-City 6
TOP OF THE 9TH
Vermont Lake Monsters batting - Pitching for Tri-City ValleyCats : RHP Manny Valero
Batting: RHB Casey Nicita 0-0: Ball
1-0: Swinging Strike
1-1: Ball
2-1: Ground out 6-3 (Groundball, 6M, EV 101.2 MPH)
Batting: RHB Jose Marquez 0-0: Ball
1-0: Ball
2-0: Ball
3-0: Base on Balls
Batting: SHB Mike Jorgenson 0-0: Ball
1-0: Swinging Strike
1-1: Ball
2-1: Ball
Passed Ball!
Jose Marquez to second
3-1: Base on Balls
Pitching: RHP Brent Burk
Batting: RHB Chris Montgomery 0-0: Called Strike
0-1: Ball
1-1: Ball
2-1: Ball
3-1: Base on Balls
Jose Marquez to third
Mike Jorgenson to second
Batting: RHB Fathi Addae 0-0: Called Strike
0-1: Ball
1-1: DOUBLE (Groundball, 5D, EV 96.2 MPH)
Jose Marquez scores
Mike Jorgenson scores
Chris Montgomery to third
Batting: RHB Antonio Bautista 0-0: Ball
1-0: 3-RUN HOME RUN (Flyball, 7D, EV 93.8 MPH), Distance : 363 ft
Batting: RHB Carlos Martinez 0-0: Ball
1-0: Called Strike
1-1: Ball
2-1: Foul Ball, location: 2F
2-2: Ball
3-2: Foul Ball, location: 2F
3-2: Ground out 5-3 (Groundball, 56S, EV 86.2 MPH)
Batting: LHB Larry Prey 0-0: Ground out 4-3 (Groundball, 4M, EV 101.2 MPH)
Top of the 9th over - 5 runs, 2 hits, 0 errors, 0 left on base; Vermont 10 - Tri-City 6
BOTTOM OF THE 9TH
Tri-City ValleyCats batting - Pitching for Vermont Lake Monsters : LHP David Noffsinger
Batting: LHB Lou Toth 0-0: Ball
1-0: Swinging Strike
1-1: Ground out U3 (Groundball, 3, EV 85.0 MPH)
Batting: RHB Workneh Lagat 0-0: Ball
1-0: Swinging Strike
1-1: Called Strike
1-2: Strikes out looking
Pinch Hitting: RHB Jordan Williams 0-0: Called Strike
0-1: Called Strike
0-2: Ball
1-2: Ball
2-2: Ball
3-2: SINGLE (Groundball, 34D, EV 103.1 MPH)
Batting: RHB Masaru Konno 0-0: Swinging Strike
0-1: Ball
1-1: Swinging Strike
1-2: Ball
2-2: Strikes out swinging
Bottom of the 9th over - 0 runs, 1 hit, 0 errors, 1 left on base; Vermont 10 - Tri-City 6
Wednesday, June 22nd , 2022 - OOTP Baseball 23.4 Build 64